 Dungeon Crawl Stone Soup version 0.21.1-1-g345015f (webtiles) character file.

203 troglodite the Skirmisher (level 5, -3/42 HPs)
             Began as a Demonspawn Berserker on June 4, 2018.
             Was a Believer of Trog.
             Slain by Grib's ghost (5 damage)
             ... on level 3 of the Dungeon.
             The game lasted 00:07:33 (2892 turns).

troglodite the Skirmisher (Demonspawn Berserker)    Turns: 2892, Time: 00:07:34

Health: -3/42      AC: 13    Str: 17    XL:     5   Next: 51%
Magic:  5/5        EV:  7    Int:  9    God:    Trog [**....]
Gold:   98         SH:  0    Dex: 13    Spells: 4/4 levels left

rFire    . . .     SeeInvis .   d - -1 hand axe (curse)
rCold    . . .     Gourm    .   (no shield)
rNeg     + . .     Faith    .   o - +0 chain mail {rN+}
rPois    .         Spirit   .   (helmet restricted)
rElec    .         Reflect  .   (no cloak)
rCorr    .         Harm     .   i - +0 pair of gloves
MR       .....                  (no boots)
Stlth    ..........             (no amulet)
HPRegen  0.14/turn              (no ring)
MPRegen  0.09/turn              (no ring)

@: drained
A: antennae 2, iridescent scales 2
a: Berserk, Trog's Hand, Burn Spellbooks, Renounce Religion


You were on level 3 of the Dungeon.
You worshipped Trog.
Trog was pleased with you.
You were not hungry.

You visited 1 branch of the dungeon, and saw 3 of its levels.

You collected 98 gold pieces.

Inventory:

Hand Weapons
 a - a +0 falchion
 d - a cursed -1 hand axe (weapon)
Armour
 i - a +0 pair of gloves (worn)
 o - a +0 chain mail of positive energy (worn)
Potions
 f - a potion of degeneration {unknown}
 h - a potion of curing {unknown}
 j - a potion of resistance {unknown}
 l - a potion of lignification {unknown}
 n - 2 potions of magic {unknown}
Comestibles
 c - 4 rations
 p - 7 chunks of flesh


   Skills:
 * Level 3.9(3.1) Fighting
 + Level 2.9(2.2) Long Blades
 + Level 2.4(1.6) Axes
 * Level 2.9(2.2) Armour
 * Level 2.6(1.8) Dodging
 + Level 0.3(0.0) Stealth


You had 4 spell levels left.
You didn't know any spells.

Dungeon Overview and Level Annotations

Branches:
Dungeon (3/15)

Altars:

Annotations:
D:3 Grib's ghost, weakling CeCK


Innate Abilities, Weirdness & Mutations

You have a pair of antennae on your head.
You are mostly covered in iridescent scales. (AC +4)


Message History

Trog accepts your kill. The giant cockroach closely misses you.
You hit the giant cockroach but do no damage.
The giant cockroach bites you but does no damage.
You hit the giant cockroach.
You kill the giant cockroach!
Trog accepts your kill.
You hit Grib's ghost but do no damage. Grib's ghost hits you!
The orc priest invokes the aid of Beogh against you.
Beogh smites you!
You hear an angry hiss.
Your chain mail prevents you from hitting Grib's ghost.
Grib's ghost hits you but does no damage.
The orc priest calls down the wrath of Beogh upon you.
Beogh smites you!
* * * LOW HITPOINT WARNING * * *
You closely miss Grib's ghost.
Grib's ghost hits you but does no damage.
Grib's ghost hits you.
You die...

,******,,,,*,,,,,*,**** *,,,,,,,,
,,,**,,,**,,,,....,*** *,,,,,,,,
,,,,,,**,,,,,,,..#,,,* **,,,,,,,*
,,,,,,**,,,,,,,..#,*,***,,,,,,,**
,,,,,,,,,,,,,{,g..,,,,,,,,,,,,,,*
,,,,,,**,,,,{,,#o#o**,**,,,,,,,,*
,,,,,,**,,,,,,,#l#,**,#**,,,,,,,*
****,***,,,,,,,#W#***.#*,,,,,,,,,
*,* ***#.####@####.#..**,,,***
*,#** #...........#.***,,,,>,
*,..***#.####%##.....* *.....,
***$.>...####.##.#.##**#.....,
**#............#..###......,
#..######................,
*#......#................,
##......................,
#......................,


You could see Grib's ghost, an orc, a leopard gecko and a goblin.

Vanquished Creatures
  2 orc wizards (D:3)
  Natasha (D:3)
  A worker ant (D:2)
  Robin (D:2)
  An adder (D:2)
  A dart slug (D:2)
  7 orcs
  5 giant cockroaches
  11 hobgoblins
  9 kobolds
  2 ball pythons
  7 bats
  3 frilled lizards
  12 goblins
  3 rats
66 creatures vanquished.

Notes
Turn   | Place    | Note
-------+----------+-------------------------------------------
     0 | D:1      | troglodite the Demonspawn Berserker began the quest for the Orb.
     0 | D:1      | Reached XP level 1. HP: 18/18 MP: 1/1
   309 | D:1      | Gained mutation: You have a pair of small antennae on your head. [demonic ancestry]
   309 | D:1      | Reached XP level 2. HP: 17/24 MP: 2/2
   983 | D:2      | Reached ** piety under Trog
   983 | D:2      | Gained mutation: You have a pair of antennae on your head. [demonic ancestry]
   983 | D:2      | Reached XP level 3. HP: 29/29 MP: 3/3
  1193 | D:2      | Noticed Robin
  1200 | D:2      | Killed Robin
  1201 | D:2      | Reached skill level 1 in Axes
  1358 | D:2      | Gained mutation: You are partially covered in iridescent scales. (AC +2) [demonic ancestry]
  1358 | D:2      | Reached XP level 4. HP: 29/36 MP: 4/4
  2292 | D:3      | Noticed Natasha
  2532 | D:2      | Gained mutation: You are mostly covered in iridescent scales. (AC +4) [demonic ancestry]
  2532 | D:2      | Reached XP level 5. HP: 14/42 MP: 5/5
  2789 | D:3      | Killed Natasha
  2876 | D:3      | Noticed Grib's ghost (weakling CeCK)
  2891 | D:3      | HP: 2/42 [orc priest/divine providence (12)]
  2892 | D:3      | Slain by Grib's ghost

Skill      XL: |  1  2  3  4  5 |
---------------+----------------+-----
Dodging        | 2 |  2.6
Armour         | 2 |  2.9
Axes           | 1 2 |  2.4
Fighting       | |  3.9
Long Blades    | |  2.9
Stealth        | |  0.3

Action                   |  1- 3 |  4- 6 || total
-------------------------+-------+-------++-------
Melee: Hand axe          |   115 |   116 ||   231
       Falchion          |     4 |       ||     4
Invok: Berserk           |     4 |     3 ||     7
  Use: Scroll            |       |     5 ||     5
  Eat: Chunk             |     4 |     5 ||     9
       Ration            |       |     1 ||     1
Armor: Animal skin       |    15 |       ||    15
       Ring mail         |    32 |    63 ||    95
       Chain mail        |       |    38 ||    38
Dodge: Dodged            |   104 |    80 ||   184
